 Dungeon Crawl Stone Soup version 0.22-a0-425-g89d60a1 (webtiles) character file.

145 incide the Bolt Thrower (level 5, -3/40 HPs)
             Began as a Gnoll Wanderer on May 24, 2018.
             Killed by nerve-wracking pain
             ... invoked by an orc priest
              (4 damage)
             ... on level 3 of the Dungeon.
             The game lasted 00:09:31 (2853 turns).

incide the Bolt Thrower (Gnoll Wanderer)            Turns: 2853, Time: 00:09:31

Health: -3/40      AC:  4    Str: 15    XL:     5   Next: 27%
Magic:  7/7        EV: 12    Int: 15    God:
Gold:   200        SH:  0    Dex: 14    Spells: 6/6 levels left

rFire    . . .     SeeInvis .   j - +0 dagger (speed)
rCold    . . .     Gourm    .   (no shield)
rNeg     . . .     Faith    .   e - +0 robe
rPois    .         Spirit   .   (no helmet)
rElec    .         Reflect  .   (no cloak)
rCorr    .         Harm     .   i - +0 pair of gloves (curse)
MR       +....                  m - +0 pair of boots
Stlth    ++........             (no amulet)
HPRegen  0.13/turn              k - ring of protection from magic
MPRegen  0.10/turn              (no ring)

@: no status effects
A: distributed training, fangs 1, strong nose
a: no special abilities


You were on level 3 of the Dungeon.
You were not hungry.

You visited 1 branch of the dungeon, and saw 5 of its levels.

You collected 200 gold pieces.

Inventory:

Hand Weapons
 a - a +2 hand crossbow
 j - a +0 dagger of speed (weapon)
 l - a +0 hand axe
Missiles
 b - 34 bolts
 g - 113 stones (quivered)
 A - 7 needles of confusion
 D - 21 poisoned needles
Armour
 d - a cursed +0 robe
 e - a +0 robe (worn)
 i - a cursed +0 pair of gloves (worn)
 m - a +0 pair of boots (worn)
 o - a +0 ring mail
 p - a +0 buckler
 B - a +0 chain mail
Jewellery
 k - a ring of protection from magic (left hand)
Wands
 F - a wand of polymorph (12)
Scrolls
 c - a scroll of fog {unknown}
 h - 5 scrolls of enchant armour {unknown}
 n - 2 scrolls of amnesia {unknown}
 q - a scroll of fear {unknown}
 s - 2 scrolls of remove curse {unknown}
 t - a scroll of identify {unknown}
 v - a scroll of noise {unknown}
 y - a scroll of magic mapping {unknown}
Potions
 r - a potion of magic
 w - a potion of invisibility {unknown}
 x - a potion of haste {unknown}
 z - a potion of flight {unknown}
 C - a potion of resistance {unknown}
 E - a potion of mutation {unknown}
Comestibles
 f - 3 rations


   Skills:
 + Level 2.9 Fighting
 + Level 1.4 Short Blades
 + Level 1.4 Long Blades
 + Level 1.4 Axes
 + Level 1.4 Maces & Flails
 + Level 1.4 Polearms
 + Level 1.4 Staves
 + Level 1.4 Slings
 + Level 1.4 Bows
 + Level 6.6 Crossbows
 + Level 2.9 Throwing
 + Level 2.9 Armour
 + Level 1.4 Dodging
 + Level 1.4 Stealth
 + Level 1.4 Shields
 + Level 1.4 Unarmed Combat
 + Level 1.4 Spellcasting
 + Level 1.1 Conjurations
 + Level 1.1 Hexes
 + Level 1.1 Charms
 + Level 1.1 Summonings
 + Level 2.3 Necromancy
 + Level 1.1 Translocations
 + Level 1.1 Transmutations
 + Level 1.1 Fire Magic
 + Level 1.1 Ice Magic
 + Level 3.9 Air Magic
 + Level 1.1 Earth Magic
 + Level 1.1 Poison Magic
 + Level 1.5 Invocations
 + Level 2.9 Evocations


You had 6 spell levels left.
You didn't know any spells.
Your spell library contained the following spells:

 Spells                   Type           Power        Failure   Level  Hunger
 Summon Small Mammal      Summ           #...         16%         1    ##.....
 Animate Skeleton         Necr           N/A          9%          1    ##.....
 Vampiric Draining        Necr           #.........   26%         3    ####...
 Recall                   Summ/Tloc      N/A          41%         3    ####...


Dungeon Overview and Level Annotations

Branches:
Dungeon (5/15)
 Temple: D:4-7

Altars:


Innate Abilities, Weirdness & Mutations

Your experience applies equally to all skills.
You have very sharp teeth.
Your uncanny sense of smell can sniff out nearby items.


Message History

You closely miss the orc priest.
The orc priest is moderately wounded.
You barely miss the orc priest.
The orc priest is moderately wounded.
The orc priest hits you with a flail.
You hit the orc priest but do no damage.
Your bite misses the orc priest.
The orc priest is moderately wounded.
You closely miss the orc priest.
The orc priest is moderately wounded.
The orc priest mumbles some strange prayers to Beogh against you.
Beogh smites you!
* * * LOW HITPOINT WARNING * * *
You hit the orc priest but do no damage.
The orc priest is moderately wounded.
You hit the orc priest but do no damage.
The orc priest is moderately wounded.
The orc priest invokes the aid of Beogh against you.
Pain shoots through your body!
You die...

#.# ##+## #†..#.# #.# #.#
#..##.# #.####
#.########..##.#
#....#####
##........#..##.#
##.......#
##...#####.#... #.#.###.#
#.....# #.##.# #.#.# #.#
##...#####.##.#
#.#)###.#####..##......)#
#.#............@o.##.####
#.#####.#####........#
#.# #.# #.########
#.#####.# #.# #.......#
#.# ########## #.#
..#.### #.# ♣♣.♣..####
#.# ♣♣.♣♣....# #o#


You could see an orc priest.

Vanquished Creatures
  The ghost of Curus the Changer, a weakling MfTm (D:3)
  4 adders
  An ooze (D:2)
  A worm (D:3)
  A dart slug (D:2)
  2 leopard geckos (D:3)
  4 orcs (D:3)
  2 giant cockroaches (D:3)
  6 goblins
  4 hobgoblins
  6 jackals (D:2)
  7 kobolds
  A ball python (D:3)
  A bat (D:3)
  6 frilled lizards
  11 rats
58 creatures vanquished.

Notes
Turn   | Place    | Note
-------+----------+-------------------------------------------
     0 | D:1      | incide the Gnoll Wanderer began the quest for the Orb.
     0 | D:1      | incide set off with: a +2 hand crossbow, 25 bolts, a +0 robe, a ration
     0 | D:1      | Reached XP level 1. HP: 17/17 MP: 2/2
   230 | D:1      | Reached skill level 2 in Necromancy
   277 | D:1      | Reached XP level 2. HP: 11/23 MP: 3/3
   745 | D:2      | Reached XP level 3. HP: 10/28 MP: 4/4
  1110 | D:2      | Reached skill level 1 in Invocations
  1277 | D:3      | Reached skill level 1 in Short Blades
  1277 | D:3      | Reached skill level 1 in Long Blades
  1277 | D:3      | Reached skill level 1 in Axes
  1277 | D:3      | Reached skill level 1 in Maces & Flails
  1277 | D:3      | Reached skill level 1 in Polearms
  1277 | D:3      | Reached skill level 1 in Staves
  1277 | D:3      | Reached skill level 1 in Slings
  1277 | D:3      | Reached skill level 1 in Bows
  1277 | D:3      | Reached skill level 1 in Dodging
  1277 | D:3      | Reached skill level 1 in Stealth
  1277 | D:3      | Reached skill level 1 in Shields
  1277 | D:3      | Reached skill level 1 in Unarmed Combat
  1277 | D:3      | Reached skill level 1 in Spellcasting
  1277 | D:3      | Reached XP level 4. HP: 25/34 MP: 4/6
  1946 | D:4      | Noticed a phantom
  1981 | D:5      | Entered Level 5 of the Dungeon
  2021 | D:5      | HP: 6/34 [poisoned by an adder]
  2023 | D:5      | Reached skill level 1 in Conjurations
  2023 | D:5      | Reached skill level 1 in Hexes
  2023 | D:5      | Reached skill level 1 in Charms
  2023 | D:5      | Reached skill level 1 in Summonings
  2023 | D:5      | Reached skill level 1 in Translocations
  2023 | D:5      | Reached skill level 1 in Transmutations
  2023 | D:5      | Reached skill level 1 in Fire Magic
  2023 | D:5      | Reached skill level 1 in Ice Magic
  2023 | D:5      | Reached skill level 1 in Earth Magic
  2023 | D:5      | Reached skill level 1 in Poison Magic
  2531 | D:3      | Noticed Curus's ghost (weakling MfTm)
  2564 | D:3      | HP: 3/34 [Curus's ghost (6)]
  2586 | D:3      | Killed Curus's ghost
  2586 | D:3      | Reached XP level 5. HP: 14/40 MP: 7/7
  2851 | D:3      | HP: 1/40 [orc priest/divine providence (14)]
  2853 | D:3      | Killed from afar by an orc priest

Vault maps used:
D:1:      evilmike_arrival_rings, amethyst_killhole, minmay_statues_item
D:3:      old_standard_altar, chequers_ecumenical_altar_grove
D:4:      lemuel_temple_firewalk_a, first_ration

Skill      XL: |  1  2  3  4 |
---------------+-------------+-----
Necromancy     | 2 |  2.3
Invocations    | 1 |  1.5
Short Blades   | 1 |  1.4
Long Blades    | 1 |  1.4
Axes           | 1 |  1.4
Maces & Flails | 1 |  1.4
Polearms       | 1 |  1.4
Staves         | 1 |  1.4
Slings         | 1 |  1.4
Bows           | 1 |  1.4
Dodging        | 1 |  1.4
Stealth        | 1 |  1.4
Shields        | 1 |  1.4
Unarmed Combat | 1 |  1.4
Spellcasting   | 1 |  1.4
Conjurations   | 1 |  1.1
Hexes          | 1 |  1.1
Charms         | 1 |  1.1
Summonings     | 1 |  1.1
Translocations | 1 |  1.1
Transmutations | 1 |  1.1
Fire Magic     | 1 |  1.1
Ice Magic      | 1 |  1.1
Earth Magic    | 1 |  1.1
Poison Magic   | 1 |  1.1
Fighting       | |  2.9
Crossbows      | |  6.6
Throwing       | |  2.9
Armour         | |  2.9
Air Magic      | |  3.9
Evocations     | |  2.9

Action                   |  1- 3 |  4- 6 || total
-------------------------+-------+-------++-------
Melee: Dagger            |   140 |   229 ||   369
       Bite              |    14 |    23 ||    37
 Fire: Hand crossbow     |     8 |       ||     8
  Use: Potion            |       |     3 ||     3
 Stab: Sleeping          |     3 |     2 ||     5
  Eat: Chunk             |     1 |     5 ||     6
Armor: Robe              |    26 |    31 ||    57
Dodge: Dodged            |    47 |    74 ||   121

Table legend:
 A = Spawn XP
 B = Non-spawn XP
 C = Spawn XP percentage of total XP
 D = Spawn monster count
 E = Non-spawn monster count
 F = Spawn count percentage of total count
 G = Total turns spent on level
                    A         B        C        D         E        F      G
               +---------+---------+-------+---------+---------+-------+---------
         Total |       0 |     208 |   0.0 |       0 |      58 |   0.0 |  2853
               +---------+---------+-------+---------+---------+-------+---------
           D:1 |       0 |      23 |   0.0 |       0 |      14 |   0.0 |   696
           D:2 |       0 |      63 |   0.0 |       0 |      22 |   0.0 |   755
           D:3 |       0 |     108 |   0.0 |       0 |      21 |   0.0 |  1087
           D:5 |       0 |      14 |   0.0 |       0 |       1 |   0.0 |   241
               +---------+---------+-------+---------+---------+-------+---------
